 Dungeon Crawl Stone Soup version 0.16-a0-3661-g910cf96 (webtiles) character file.

8578 PolkaDot the Grappler (level 11, -2/100 HPs)
             Began as a Pale Draconian Monk on Jan 17, 2015.
             Was a High Priest of Okawaru.
             Slain by a spectral orc warrior
             ... wielding a +0 dire flail
             ... summoned by Nergalle
              (4 damage)
             ... on level 10 of the Dungeon.
             The game lasted 00:40:54 (13344 turns).

PolkaDot the Grappler (Pale Draconian Monk)        Turns: 13344, Time: 00:40:54

Health: -2/100     AC: 12    Str: 14    XL:     11   Next: 11%
Magic:  11/11      EV: 16    Int: 14    God:    Okawaru [*****.]
Gold:   696        SH:  0    Dex: 13    Spells: 0 memorised, 10 levels left

rFire  . . .     SeeInvis +       - Unarmed
rCold  . . .     Clarity  .     (armour unavailable)
rNeg   . . .     SustAb   .     (no shield)
rPois  +         Gourm    .     J - +0 hat {SInv} {god gift}
rElec  .         Spirit   .     (no cloak)
rCorr  .         Warding  .     o - +2 pair of gloves
rMut   .         Stasis   +     r - +1 pair of boots
MR     +....                    N - amulet of stasis
Stlth  +.........               d - ring of protection from magic
                                x - ring of poison resistance

@: confused, drained, somewhat resistant to hostile enchantments, very
unstealthy
A: breathe steam, unfitting armour, cold-blooded, AC +7
a: Breathe Steam, Heroism, Finesse, Renounce Religion


You were on level 10 of the Dungeon.
You worshipped Okawaru.
Okawaru was extremely pleased with you.
You were not hungry.

You visited 2 branches of the dungeon, and saw 11 of its levels.
You also visited: Sewer.

You collected 696 gold pieces.

Inventory:

Missiles
 u - 2 throwing nets (quivered)
Armour
 o - a +2 pair of gloves (worn)
 r - a +1 pair of boots (worn)
 J - a +0 hat of see invisible (worn) {god gift}
Jewellery
 d - a ring of protection from magic (right hand)
 g - a cursed ring of wizardry
 x - a ring of poison resistance (left hand)
 F - an uncursed amulet of warding
 N - an amulet of stasis (around neck)
Magical devices
 H - a wand of random effects (0)
Scrolls
 a - 3 scrolls of teleportation
 f - 3 scrolls of magic mapping
 h - a scroll of recharging
 j - a scroll of fog {unknown}
 l - a scroll of enchant weapon {unknown}
 q - 2 scrolls of remove curse
 t - 2 scrolls of immolation {unknown}
 y - 2 scrolls of amnesia
 z - a scroll of acquirement {unknown}
 A - a scroll of silence
 B - 2 scrolls of blinking
 D - a scroll of noise {unknown}
 G - a scroll of random uselessness {unknown}
 I - a scroll of enchant armour
Potions
 n - 4 potions of magic
 p - a potion of brilliance
 s - a potion of cancellation
 v - 2 potions of restore abilities
 K - a potion of degeneration {!q}
Books
 e - a book of Air

   Spells                             Type                      Level
   a - Shock                          Conjuration/Air              1
   b - Swiftness                      Charms/Air                   2
   c - Repel Missiles                 Charms/Air                   2
   d - Flight                         Charms/Air                   3
   e - Static Discharge               Conjuration/Air              3
   f - Lightning Bolt                 Conjuration/Air              5
 w - a Fen Folio

   Spells                             Type                      Level
   a - Corpse Rot                     Necromancy                   2
   b - Stone Arrow                    Conjuration/Earth            3
   c - Leda's Liquefaction            Hexes/Earth                  4
   d - Summon Forest                  Summoning/Translocation      5
   e - Hydra Form                     Transmutation                6
   f - Summon Hydra                   Summoning                    7
Comestibles
 b - 10 bread rations
 c - 9 fruits
 k - 4 meat rations
 m - 3 beef jerkies
 C - 2 slices of pizza
 E - a royal jelly
 M - 12 chunks of flesh


   Skills:
 + Level 10.2(9.2) Fighting
 + Level 8.3(7.3) Dodging
 - Level 1.7(0.9) Stealth
 * Level 12.5(11.4) Unarmed Combat


You had 10 spell levels left.
You didn't know any spells.

Dungeon Overview and Level Annotations

Branches:
Dungeon (10/15)            Temple (1/1) D:5            Lair (0/8) D:9
    Orc (0/4) D:9

Altars:
Ashenzari
Cheibriados
Dithmenos
Elyvilon
Fedhas
Gozag
Kikubaaqudgha
Makhleb
Nemelex Xobeh
Okawaru
Qazlal
Ru
Sif Muna
Trog
Vehumet
Xom
Yredelemnul
Zin
The Shining One

Shops:
D:4 (   D:5 (   D:7 ?

Annotations:
D:10 Nergalle


Innate Abilities, Weirdness & Mutations

You can breathe blasts of scalding steam.
Your pale cyan-grey scales are hard (AC +7).
Your body does not fit into most forms of armour.
Your cold-blooded metabolism reacts poorly to cold.


Message History

The bolt of negative energy hits the spectral orc warrior.
The spectral orc warrior completely resists.
The spectral orc warrior hits you from afar with a halberd.
* * * LOW HITPOINT WARNING * * *
The spectral orc warrior hits you with a glaive.
* * * LOW HITPOINT WARNING * * *
The spectral orc warrior closely misses you.
You continue eating.
The spectral orc warrior hits you but does no damage.
The spectral orc hits you from afar with a trident.
* * * LOW HITPOINT WARNING * * *
Nergalle casts a spell at the spectral orc.
The spectral orc seems to speed up.
The spectral orc hits you but does no damage. x2
You swing at nothing.
The spectral orc warrior hits you but does no damage.
The spectral orc warrior hits you with a dire flail!
* * * LOW HITPOINT WARNING * * *
You feel drained.
You die...

#.#.......# #.#
#######.##......###..
##..............).....
.#.....#(.....###.#####
...........#######.##
#.......#..........####
.##...ZZ##.#######)....#
.......ZZZZ......)(......
.###.##@##.#######.####.
#Zo#.###..........
##Z#.##..........#
................
##.#..........##
....#.######)## #.###.##
#).. #.# #..#######. #.#
#.....##..


You could see Nergalle, 3 spectral orcs and 5 spectral orc warriors.

Vanquished Creatures
  Erolcha (D:8)
  2 hill giants (D:10)
  Joseph (D:7)
  Psyche (D:8)
  Grum (D:8)
  2 wolves (D:8)
  3 orc warriors
  4 ice beasts
  3 sky beasts
  2 black bears
  3 phantoms
  An eye of draining (D:9)
  A necrophage (D:8)
  6 boring beetles (D:9)
  4 ogres
  3 centaurs
  Duvessa (D:5)
  A big kobold (D:10)
  3 giant frogs
  A crocodile (D:6)
  A wyvern skeleton (D:8)
  A gnoll sergeant (D:7)
  2 scorpions
  9 killer bees
  3 wights (D:9)
  4 goliath beetles
  Dowan (D:5)
  7 crimson imps
  4 giant frog skeletons
  4 hounds
  6 jellies
  8 orc priests
  20 orc wizards
  An iguana (D:9)
  5 worker ants
  A killer bee zombie (D:7)
  Ijyb (D:6)
  20 gnolls
  A mummy (D:8)
  2 river rats (Sewer)
  17 adders
  A shadow imp (D:7)
  A giant mite (D:5)
  2 worms
  4 adder skeletons
  2 oozes
  68 orcs
  6 ball pythons
  12 bats
  2 bat skeletons
  4 giant cockroaches
  19 goblins
  11 hobgoblins
  10 jackals
  6 quokkas
  A giant cockroach zombie (D:6)
  4 giant geckos
  2 giant gecko skeletons
  16 giant newts
  25 kobolds
  2 quokka skeletons (D:5)
  A quokka zombie (D:8)
  18 rats
379 creatures vanquished.

Vanquished Creatures (others)
  An orc (D:9)
1 creature vanquished.

Grand Total: 380 creatures vanquished

Notes
Turn   | Place    | Note
--------------------------------------------------------------
     0 | D:1      | PolkaDot, the Draconian Monk, began the quest for the Orb.
     0 | D:1      | Reached XP level 1. HP: 19/19 MP: 1/1
     2 | D:1      | Noticed a formicid
     2 | D:1      | Noticed a vampire
     4 | D:1      | Noticed a spriggan
     4 | D:1      | Noticed a dwarf
     6 | D:1      | Noticed a vine stalker
     6 | D:1      | Noticed a centaur
     8 | D:1      | Noticed a merfolk
     8 | D:1      | Noticed an ogre
    10 | D:1      | Noticed a demigod
    12 | D:1      | Noticed a naga
    14 | D:1      | Noticed an elf
    14 | D:1      | Noticed a troll
    16 | D:1      | Noticed a demonspawn
    18 | D:1      | Noticed a tengu
    18 | D:1      | Noticed a ghoul
    20 | D:1      | Noticed a minotaur
    20 | D:1      | Noticed a gargoyle
    22 | D:1      | Noticed an octopode
    22 | D:1      | Noticed a felid
    24 | D:1      | Noticed a draconian
    26 | D:1      | Noticed a human
   127 | D:1      | Reached XP level 2. HP: 24/26 MP: 2/2
   765 | D:2      | Found a blossoming altar of Fedhas.
   795 | D:2      | Reached XP level 3. HP: 33/33 MP: 3/3
  1529 | D:2      | Reached XP level 4. HP: 40/40 MP: 4/4
  1879 | D:3      | Reached skill level 5 in Unarmed Combat
  2069 | D:3      | Reached XP level 5. HP: 14/46 MP: 5/5
  2340 | D:3      | Noticed an ogre
  2363 | D:3      | Killed an ogre
  2473 | D:3      | Reached XP level 6. HP: 41/53 MP: 6/6
  2979 | D:4      | Reached skill level 6 in Unarmed Combat
  3274 | D:4      | Reached skill level 5 in Fighting
  3861 | D:4      | Found Doladuepn's Weapon Emporium.
  4457 | D:5      | Entered Level 5 of the Dungeon
  4526 | D:5      | Your scales start fading to a pale cyan-grey colour.
  4526 | D:5      | Reached XP level 7. HP: 54/61 MP: 7/7
  4591 | D:5      | Found a glowing drain.
  4602 | D:5      | Found Shatitie's Weapon Emporium.
  4605 | Sewer    | Entered a sewer
  5079 | D:5      | Reached skill level 7 in Unarmed Combat
  5363 | D:5      | Found a staircase to the Ecumenical Temple.
  5377 | Temple   | Entered the Ecumenical Temple
  5549 | Temple   | Became a worshipper of Warmaster Okawaru
  5549 | Temple   | Acquired Okawaru's first power
  5760 | D:5      | Noticed Duvessa
  5760 | D:5      | Noticed Dowan
  5785 | D:5      | Killed Duvessa
  5818 | D:5      | Killed Dowan
  6007 | D:6      | Reached skill level 5 in Dodging
  6007 | D:6      | Reached XP level 8. HP: 28/70 MP: 8/8
  6366 | D:6      | Reached skill level 8 in Unarmed Combat
  7027 | D:6      | Reached skill level 9 in Unarmed Combat
  7096 | D:6      | Noticed Ijyb
  7110 | D:6      | Killed Ijyb
  7166 | D:6      | Reached XP level 9. HP: 58/79 MP: 9/9
  8092 | D:7      | Found Okoom's Magic Scroll Shop.
  8283 | D:7      | Reached skill level 10 in Unarmed Combat
  8611 | D:7      | Noticed Joseph
  8645 | D:7      | Killed Joseph
  9733 | D:8      | Noticed Erolcha
  9753 | D:8      | Killed Erolcha
  9753 | D:8      | Reached skill level 11 in Unarmed Combat
  9753 | D:8      | Reached XP level 10. HP: 63/90 MP: 10/10
  9799 | D:8      | Noticed Psyche
  9835 | D:8      | Killed Psyche
 10122 | D:8      | Acquired Okawaru's second power
 10224 | D:8      | Noticed Grum
 10252 | D:8      | Killed Grum
 11144 | D:9      | Found a staircase to the Lair.
 11515 | D:9      | Received a gift from Okawaru
 11658 | D:9      | Found a staircase to the Orcish Mines.
 11883 | D:9      | Reached skill level 12 in Unarmed Combat
 12710 | D:10     | Entered Level 10 of the Dungeon
 13011 | D:10     | Noticed a hill giant
 13086 | D:10     | Noticed a hill giant
 13098 | D:10     | Killed a hill giant
 13098 | D:10     | Reached skill level 10 in Fighting
 13098 | D:10     | Reached XP level 11. HP: 50/99 MP: 11/11
 13209 | D:10     | Noticed Nergalle
 13271 | D:10     | Killed a hill giant
 13344 | D:10     | HP: 2/100 [spectral orc warrior/dire flail[Nergalle] (11)]
 13344 | D:10     | Slain by a spectral orc warrior

Action                   |  1- 3 |  4- 6 |  7- 9 | 10-12 || total
-------------------------+-------+-------+-------+-------++-------
Melee: Unarmed           |   147 |   346 |   654 |   406 ||  1553
Invok: Heroism           |       |       |     1 |     2 ||     3
 Abil: Breathe Steam     |       |       |    31 |    43 ||    74
Evoke: Wand              |       |       |     4 |     6 ||    10
  Use: Potion            |       |    11 |     7 |     6 ||    24
       Scroll            |       |       |    13 |     3 ||    16
 Stab: Sleeping          |     4 |     4 |     8 |       ||    16
       Invisible         |       |       |     2 |       ||     2
  Eat: Chunk             |     2 |    10 |    17 |    17 ||    46
       Bread ration      |       |       |     1 |       ||     1
       Fruit             |       |       |       |     1 ||     1
